 Dungeon Crawl Stone Soup version 0.32-a0-975-g85d4e5bfdb (webtiles) character file.

Game seed: 5362229721793663411

291 Gadrel the Twirler (level 6, 0/51 HPs)
             Began as a Mountain Dwarf Wanderer on Apr 18, 2024.
             Was a Priest of Jiyva.
             Succumbed to a scorpion's poison
             ... on level 4 of the Dungeon.
             The game lasted 00:07:13 (2546 turns).

Gadrel the Twirler (Mountain Dwarf Wanderer)        Turns: 2546, Time: 00:07:13

Health: 0/51       AC:  5    Str: 16    XL:     6   Next: 10%
Magic:  9/9        EV: 10    Int: 14    God:    Jiyva [***...]
Gold:   84         SH:  0    Dex: 10    Spells: 5/10 levels left

rFire   . . .        a - +3 quarterstaff
rCold   . . .        (shield currently unavailable)
rNeg    . . .        m - +0 leather armour
rPois   .            d - +0 helmet
rElec   +            (no cloak)
rCorr   +            (no gloves)
SInv    +            i - +0 pair of boots
Will    +....        c - amulet of the acrobat
Stlth   +            W - ring of willpower
HPRegen 1.40/turn    (no ring)
MPRegen 0.67/turn

%: acrobat
@: brilliant, lethally poisoned (0 -> -11)
A: runic magic, artefact enchanting, see invisible, electricity resistance,
strong 1, noise suppression
a: Renounce Religion, Oozemancy


You were on level 4 of the Dungeon.
You worshipped Jiyva.
Jiyva was most pleased with you.
You visited 1 branch of the dungeon, and saw 4 of its levels.

You collected 84 gold pieces.

Inventory:

Hand Weapons
 a - a +3 quarterstaff (weapon)
 f - a +0 sling
   (You found it on level 1 of the Dungeon)
 g - a +0 war axe of flaming
   (You found it on level 1 of the Dungeon)
Missiles
 b - 12 poisoned darts
 s - 16 stones
Armour
 d - a +0 helmet (worn)
   (You found it on level 1 of the Dungeon)
 i - a +0 pair of boots (worn)
   (You found it on level 1 of the Dungeon)
 m - a +0 leather armour (worn)
   (You found it on level 1 of the Dungeon)
Jewellery
 c - an amulet of the acrobat (around neck)
   (You found it on level 3 of the Dungeon)
 W - a ring of willpower (left hand)
   (You found it on level 1 of the Dungeon)
Wands
 e - a wand of charming (8)
   (You found it on level 3 of the Dungeon)
Scrolls
 k - a scroll of poison {unknown}
 n - a scroll of enchant weapon
 K - a scroll of immolation {!r}
Potions
 j - a potion of resistance {unknown}
 l - a potion of might {unknown}
 P - 2 potions of lignification {!q}


   Skills:
 - Level 3.0 Fighting
 - Level 6.0 Staves
 - Level 1.0 Throwing
 + Level 2.5 Spellcasting
 - Level 1.0 Translocations
 + Level 2.8 Ice Magic
 - Level 3.0 Evocations


You had 5 spell levels left.
You knew the following spells:

 Your Spells              Type           Power      Damage    Failure   Level
a - Freeze                Ice            56%        1d7       8%          1
G - Apportation           Tloc           12%        N/A       16%         1
I - Summon Ice Beast      Ice/Summ       8%         N/A       36%         3

Your spell library contained the following spells:

 Spells                   Type           Power      Damage    Failure   Level
 Jinxbite                 Hex            4%         N/A       34%         2
 Brom's Barrelling Bould  Conj/Erth      2%         2d3       93%         4
 Alistair's Intoxication  Alch           1%         N/A       100%        5
 Fireball                 Conj/Fire      1%         3d3       100%        5
 Iskenderun's Battlesphe  Conj           2%         2d6       100%        5
 Conjure Ball Lightning   Conj/Air       1%         3x3d6     100%        6
 Orb of Destruction       Conj           1%         9d5       100%        7


Dungeon Overview and Level Annotations

Branches:
Dungeon (4/15)             Temple (0/1) D:4

Altars:
Qazlal
Jiyva

Shops:
D:1 !


Innate Abilities, Weirdness & Mutations

Your spellcasting is much less encumbered by armour.
You can use scrolls of enchantment on lesser artefacts.
You have supernaturally acute eyesight. (SInv)
You are resistant to electric shocks. (rElec)
Your muscles are strong. (Str +4, Int/Dex -1)
You passively dampen the noise of your surroundings.


Message History

The bullfrog hits you but does no damage.
You barely miss the bullfrog. The bullfrog hits you.
You take 6 damage, and have 32/38 hp.
You closely miss the bullfrog. The bullfrog barely misses you.
You regained 2 hp, and now have 34/38 hp.
You hit the bullfrog. The bullfrog barely misses you.
You hear a distant slurping noise.
You hit the bullfrog.
You kill the bullfrog!
Your Spellcasting skill increases to level 2!
Your Ice Magic skill increases to level 2!
You have reached level 5!
You regained 8 hp, and now have 43/45 hp.
Health restored: 45; MP restored: 8
Found a stone staircase leading down.
s - 16 stones (gained 2)
You hear a distant slurping noise.
Jiyva says: Divide and consume!
An orc comes into view. It is wielding a +0 mace.
The orc shouts!
You hear a shout!
The jelly hits the orc.
The orc is splashed with acid!
The orc dies!
An orc comes into view. It is wielding a +0 whip.
You hear a slurping noise.
The jelly closely misses the orc.
The orc hits the jelly with a +0 whip.
The orc is burned by acid!
You swap places.
A hound comes into view.
The orc closely misses you.
You barely miss the orc. The orc hits you but does no damage.
You hit the orc.
You kill the orc!
Things that are here:
a +0 whip; a +0 leather armour; an orc corpse The hound completely misses you. x2
You sock the hound! The hound bites you but does no damage.
You hear a distant slurping noise.
You barely miss the hound. The hound barely misses you.
The hound bites you but does no damage.
You thump the hound!
You kill the hound!
You hear a slurping noise.
You hear a distant slurping noise.
You see here a hound corpse.
You hear a slurping noise.
You hear a distant slurping noise.
You see here a serpent talisman.
Jiyva gurgles merrily.
An ufetubus comes into view.
The ufetubus shouts!
You sock the ufetubus! The ufetubus slips past you!
The ufetubus barely misses you. The ufetubus hits you.
You take 2 damage, and have 43/45 hp.
Health restored: 45 You thump the ufetubus!
You kill the ufetubus!
No target in view!
A scorpion comes into view.
Found a staircase to the Ecumenical Temple.
The scorpion stings you but does no damage.
You barely miss the scorpion. The scorpion barely misses you.
You sock the scorpion! The scorpion stings you.
You take 5 damage, and have 40/45 hp.
You barely miss the scorpion. The scorpion stings you.
You are poisoned.
The scorpion poisons you!
You take 1 damage, and have 39/45 hp.
You completely miss the scorpion.
You feel very sick. The scorpion stings you.
You are more poisoned.
The scorpion poisons you! The scorpion barely misses you.
You take 9 damage, and have 30/45 hp.
You hit the scorpion.
You feel very sick. The scorpion stings you!
You take 10 damage, and have 20/45 hp.
MASSIVE DAMAGE!!
You closely miss the scorpion.
You feel very sick. The scorpion stings you.
* * * LOW HITPOINT WARNING * * *
You take 8 damage, and have 12/45 hp.
You barely miss the scorpion.
You feel very sick. The scorpion stings you.
* * * LOW HITPOINT WARNING * * *
You are lethally poisoned!
The scorpion poisons you!
You take 5 damage, and have 7/45 hp.
You sock the scorpion!
You kill the scorpion!
* * * LOW HITPOINT WARNING * * *
You feel very sick.
You have reached level 6!
You take 4 damage, and have 3/51 hp.
MP restored: 9 It was a potion of brilliance.
You feel clever all of a sudden.
You die...
Jiyva sends a jelly to digest your remains.

#.........#.# .. #.#
####......#.# .P#.. #.#
#...)<.... ....> ...
########.# #P#..
#.#+### #..
#.##.##.....# ###
#..P.P......# #
#..........# #
#.....@....# ########
#..........#####.....##
#.................#....
#....................##
####...................
#.######..........##
#.# ####.....#... #.#
#..>#.#### #.#
######.#.#.#


There were no monsters in sight!

Vanquished Creatures
  A bullfrog (D:4)
  A scorpion (D:4)
  An orc priest (D:3)
  A hound (D:4)
  5 adders
  An ufetubus (D:4)
  A dart slug (D:4)
  A ribbon worm (D:2)
  5 orcs
  5 giant cockroaches
  4 goblins
  3 hobgoblins
  5 jackals (D:1)
  4 kobolds
  A quokka (D:1)
  A ball python (D:1)
  5 bats
  4 frilled lizards (D:1)
  7 rats
56 creatures vanquished.

Vanquished Creatures (others)
  A jelly (D:4)
  An adder (D:2)
  4 orcs
  2 ball pythons
  4 endoplasms
  3 hobgoblins
  4 jackals (D:2)
  A quokka (D:2)
  2 kobolds
  2 rats (D:2)
24 creatures vanquished.

Grand Total: 80 creatures vanquished

Notes
Turn   | Place    | Note
-------+----------+-------------------------------------------
     0 | D:1      | Gadrel the Mountain Dwarf Wanderer began the quest for the
                  | Orb.
     0 | D:1      | Gadrel set off with the following items: a +2 quarterstaff,
                  | 12 poisoned darts, a +0 dagger, a +0 robe, a potion of
                  | lignification {!q}; and the following spell memorised:
                  | Freeze; and the following spells available to memorise:
                  | Summon Ice Beast.
     0 | D:1      | Reached XP level 1. HP: 14/14 MP: 2/2
    52 | D:1      | Found a faded altar of an unknown god.
    76 | D:1      | Reached skill level 1 in Fighting
    90 | D:1      | Reached XP level 2. HP: 16/23 MP: 1/3
   186 | D:1      | Prayed at the altar of an unknown god.
   186 | D:1      | Became a worshipper of Jiyva Jeleevee the Shapeless
   186 | D:1      | Reached * piety under Jiyva
   266 | D:1      | Found Qaunkyak's Distillery.
   517 | D:1      | Reached skill level 2 in Fighting
   529 | D:1      | Reached XP level 3. HP: 29/29 MP: 4/4
   689 | D:2      | Reached skill level 6 in Staves
   818 | D:2      | Reached ** piety under Jiyva
   844 | D:2      | Learned a level 1 spell: Apportation
  1463 | D:3      | Reached *** piety under Jiyva
  1532 | D:3      | Gained mutation: You have supernaturally acute eyesight.
                  | (SInv) [Jiyva's grace]
  1532 | D:3      | Gained mutation: You passively dampen the noise of your
                  | surroundings. [Jiyva's grace]
  1532 | D:3      | Gained mutation: You are resistant to electric shocks.
                  | (rElec) [Jiyva's grace]
  1532 | D:3      | Gained mutation: Your muscles are strong. (Str +4, Int/Dex
                  | -1) [Jiyva's grace]
  1550 | D:3      | Reached skill level 1 in Translocations
  1550 | D:3      | Reached XP level 4. HP: 37/37 MP: 5/5
  1554 | D:3      | Learned a level 3 spell: Summon Ice Beast
  1602 | D:3      | Reached skill level 3 in Fighting
  1627 | D:3      | Found a stormy altar of Qazlal.
  1920 | D:3      | Reached skill level 3 in Evocations
  2291 | D:4      | Noticed a bullfrog
  2300 | D:4      | Killed a bullfrog
  2301 | D:4      | Reached skill level 2 in Spellcasting
  2301 | D:4      | Reached skill level 2 in Ice Magic
  2301 | D:4      | Reached XP level 5. HP: 43/45 MP: 6/8
  2535 | D:4      | Found a staircase to the Ecumenical Temple.
  2544 | D:4      | HP: 10/45 [poisoned by a scorpion]
  2545 | D:4      | HP: 3/45 [poisoned by a scorpion]
  2546 | D:4      | Reached XP level 6. HP: 3/51 MP: 9/9
  2546 | D:4      | Succumbed to a scorpion's poison

Illustrated notes

Levels and vault maps discovered:
D:1:      dpeg_arrival_prison, layout_basic, serial_shops,
          nicolae_shop_just_a_little_nook, hellmonk_ecumenical_altar_blasted,
          corexii_corridor_pit, chequers_avenue
D:2:      minmay_chambers_of_ones, layout_basic
D:3:      layout_loops_ring, mainiacjoe_overflow_tiny_flanked, serial_bayou,
          serial_bayou_pond_a, serial_bayou_lagoon_a, serial_bayou_ford_a
D:4:      layout_basic, minmay_temple_entry_gardened_gates

Skill      XL: |  1  2  3  4 |
---------------+-------------+-----
Fighting       | 1 2 3 |  3.0
Staves         | 6 |  6.0
Translocations | 1 |  1.0
Evocations     | 3 |  3.0
Spellcasting   | 2 |  2.5
Ice Magic      | 2 |  2.8
Throwing       | |  1.0

Action                     |  1- 3 |  4- 6 || total
---------------------------+-------+-------++-------
  Melee: Quarterstaff      |   106 |    52 ||   158
  Throw: Stone             |     1 |       ||     1
   Cast: Freeze            |     4 |     3 ||     7
    Use: Scroll            |     3 |       ||     3
         Potion            |       |     1 ||     1
 Armour: Robe              |    54 |       ||    54
         Leather armour    |    21 |    27 ||    48
  Dodge: Dodged            |    56 |    31 ||    87

Table legend: (Time is in decaauts)
 A = Elapsed time spent in this place.
 B = Non-inter-level travel time spent in this place.
 C = Inter-level travel time spent in this place.
 D = Time resting spent in this place.
 E = Time spent auto-exploring this place.
 F = Levels seen in this place.
 G = Mean time per level.
                   A        B        C        D        E       F      G
               +--------+--------+--------+--------+--------+-----+--------+
         Total |   2573 |   2466 |    107 |     29 |   1944 |   4 |  643.2 |
       Dungeon |   2573 |   2466 |    107 |     29 |   1944 |   4 |  643.2 |
               +--------+--------+--------+--------+--------+-----+--------+

Top non-repeatable levels by time:
     D:3: 805 daAuts
     D:2: 703 daAuts
     D:1: 644 daAuts
     D:4: 419 daAuts

Levels and vault maps discovered:
D:1:      dpeg_arrival_prison, layout_basic, serial_shops,
          nicolae_shop_just_a_little_nook, hellmonk_ecumenical_altar_blasted,
          corexii_corridor_pit, chequers_avenue
D:2:      minmay_chambers_of_ones, layout_basic
D:3:      layout_loops_ring, mainiacjoe_overflow_tiny_flanked, serial_bayou,
          serial_bayou_pond_a, serial_bayou_lagoon_a, serial_bayou_ford_a
D:4:      layout_basic, minmay_temple_entry_gardened_gates

Table legend: (Time is in decaauts)
 A = Elapsed time spent in this place.
 B = Non-inter-level travel time spent in this place.
 C = Inter-level travel time spent in this place.
 D = Time resting spent in this place.
 E = Time spent auto-exploring this place.
 F = Levels seen in this place.
 G = Mean time per level.
                   A        B        C        D        E       F      G
               +--------+--------+--------+--------+--------+-----+--------+
         Total |   2573 |   2466 |    107 |     29 |   1944 |   4 |  643.2 |
       Dungeon |   2573 |   2466 |    107 |     29 |   1944 |   4 |  643.2 |
               +--------+--------+--------+--------+--------+-----+--------+

Top non-repeatable levels by time:
     D:3: 805 daAuts
     D:2: 703 daAuts
     D:1: 644 daAuts
     D:4: 419 daAuts

Table legend:
 A = Kills in this place as a percentage of kills in the entire game.
 B = Kills by you in this place as a percentage of kills by you in the entire game.
 C = Kills by friends in this place as a percentage of kills by friends in the entire game.
 D = Other kills in this place as a percentage of other kills in the entire game.
 E = Experience gained in this place as a percentage of experience gained in the entire game.
 F = Experience gained in this place divided by the number of levels of this place that you have seen.
                   A       B       C       D       E      F
               +-------+-------+-------+-------+-------+----------------------
         Total | 100.0 | 100.0 |   N/A |   N/A | 100.0 | 104.0
       Dungeon | 100.0 | 100.0 |   N/A |   N/A | 100.0 | 104.0
               +-------+-------+-------+-------+-------+----------------------
